 Dungeon Crawl Stone Soup version 0.22-b1-26-g9dbaab1 (webtiles) character file.

1405570 guanidine the Conqueror (level 27, 273/273 HPs)
             Began as a Centaur Wizard on Aug 7, 2018.
             Was a High Priest of Okawaru.
             Escaped with the Orb
             ... and 3 runes!
             The game lasted 09:01:15 (122669 turns).

guanidine the Conqueror (Centaur Wizard)          Turns: 122669, Time: 09:01:15

Health: 273/273    AC: 39    Str: 29    XL:     27
Magic:  30/30      EV: 10    Int: 15    God:    Okawaru [*****.]
Gold:   5272       SH: 34    Dex: 12    Spells: 17/30 levels left

rFire    + + .     SeeInvis +     - Unarmed
rCold    + . .     Gourm    .   A - +10 large shield of Ignorance {rN+ Int-4}
rNeg     + . .     Faith    .   C - +12 chain mail of Imperfection {rElec rF+}
rPois    +         Spirit   .   Y - +2 helmet {SInv}
rElec    +         Reflect  +   n - scarf {rC+ rF+}
rCorr    .         Harm     .   q - +2 pair of gloves {Dex+3}
MR       ++++.     NoCast   +   J - +0 centaur barding of the Endless Expanse {-Cast rElec MR+ Str+7}
Stlth    ..........             Z - +3 amulet of reflection
HPRegen  0.55/turn              s - ring of poison resistance
MPRegen  0.22/turn              I - ring of protection from magic

@: very quick
A: large, hooves 3, clever 1, deformed body, speed 2, mutation resistance 1,
tough skin 3, subdued magic 1
0: Orb of Zot
}: 3/15 runes: decaying, slimy, gossamer
a: Heroism, Finesse, Renounce Religion


You escaped.
You worshipped Okawaru.
Okawaru was extremely pleased with you.
You were very full.

You visited 12 branches of the dungeon, and saw 57 of its levels.
You also visited: Wizlab.

You collected 6734 gold pieces.
You spent 1462 gold pieces at shops.

Inventory:

Hand Weapons
 b - a +9 blowgun
 v - the +4 mace of the Iron City of Dis {speed, rElec MR+ Str-3}
   (You found it on level 3 of the Crypt)

   Attacks with this weapon are significantly faster.
   It affects your strength (-3).
   It insulates you from electricity.
   It affects your resistance to hostile enchantments.
 H - the +8 short sword "Coxzaaru" {holy, rF++ rC+}
   (Okawaru gifted it to you on level 2 of the Depths)

   It has been blessed by the Shining One to cause great damage to the undead
   and demons.
   It greatly protects you from fire.
   It protects you from cold.
Missiles
 f - 16 javelins of penetration {!f}
 j - 5 javelins of returning (quivered)
 k - 40 curare-tipped needles {!f}
 l - 25 needles of confusion {!f}
 B - 18 silver javelins
 D - 8 throwing nets {!f}
 F - 19 poisoned javelins
Armour
 n - a scarf of resistance (worn)
 q - a +2 pair of gloves of dexterity (worn)
 A - the +10 large shield of Ignorance (worn) {rN+ Int-4}
   (You found it on level 3 of the Spider Nest)

   It affects your intelligence (-4).
   It protects you from negative energy.
 C - the +12 chain mail of Imperfection (worn) {rElec rF+}
   (You found it on level 2 of the Elven Halls)

   It protects you from fire.
   It insulates you from electricity.
 J - the +0 centaur barding of the Endless Expanse (worn) {-Cast rElec MR+ Str+7}
   (Okawaru gifted it to you on level 4 of the Vaults)

   It affects your strength (+7).
   It insulates you from electricity.
   It affects your resistance to hostile enchantments.
   It prevents spellcasting.
 Y - a +2 helmet of see invisible (worn)
Jewellery
 a - the amulet of the Devil {rN+ Regen+ MP+9}
   (You acquired it on level 5 of the Realm of Zot)

   [amulet of regeneration]

   It protects you from negative energy.
   It affects your magic capacity (+9).
   It increases your rate of regeneration.
 s - a ring of poison resistance (left hand)
 t - an uncursed ring of protection from cold
 x - the ring of Ynimon {rF+ rN+ MP+9 Dex+4}
   (You took it off a deep elf master archer on level 3 of the Elven Halls)

   [ring of positive energy]

   It affects your dexterity (+4).
   It protects you from fire.
   It protects you from negative energy.
   It affects your magic capacity (+9).
 I - a ring of protection from magic (right hand)
 Z - a +3 amulet of reflection (around neck)
Wands
 y - a wand of scattershot (7)
 z - a wand of digging (32)
 Q - a wand of acid (55)
 U - a wand of iceblast (11)
Scrolls
 c - 14 scrolls of teleportation
 h - a scroll of silence
 i - 12 scrolls of fog
 o - 10 scrolls of identify
 p - 13 scrolls of immolation
 G - 15 scrolls of remove curse
 K - a scroll of summoning
 L - a scroll of magic mapping
 M - a scroll of holy word
 O - 7 scrolls of blinking
 S - 2 scrolls of amnesia
Potions
 d - 21 potions of heal wounds
 g - a potion of lignification
 r - 5 potions of ambrosia
 u - 3 potions of invisibility
 P - 5 potions of haste {!q}
 T - 3 potions of cancellation
 V - 14 potions of curing
 X - 3 potions of might
Miscellaneous
 m - a lightning rod (4/4)
 E - a lamp of fire
 R - a phial of floods
Comestibles
 e - 37 rations {!d}


   Skills:
 O Level 27 Fighting
   Level 2.0 Long Blades
 + Level 21.1 Throwing
 + Level 16.8 Armour
 - Level 10.0 Dodging
 - Level 1.1 Stealth
 - Level 15.0 Shields
 - Level 22.0 Unarmed Combat
 - Level 2.4 Spellcasting
 - Level 1.0 Conjurations
 - Level 3.0 Summonings
 - Level 2.2 Translocations
 - Level 1.1 Air Magic
 - Level 2.2 Poison Magic
 - Level 10.0 Invocations
 - Level 5.0 Evocations


You had 17 spell levels left.
You knew the following spells:

 Your Spells              Type           Power        Failure   Level  Hunger
a - Regeneration          Chrm/Necr      #.........   87%         3    ###....
b - Call Imp              Summ           #.......     24%         2    ###....
c - Blink                 Tloc           N/A          34%         2    ###....
d - Poisonous Vapours     Pois/Air       #.....       41%         2    ###....
e - Mephitic Cloud        Conj/Pois/Air  #.......     67%         3    ###....
f - Animate Skeleton      Necr           N/A          50%         1    #......

Your spell library contained the following spells:

 Spells                   Type           Power        Failure   Level  Hunger
 Cause Fear               Hex            #.........   99%         4    #####..
 Magic Dart               Conj           #...         36%         1    #......
 Fireball                 Conj/Fire      #.........   100%        5    ######.
 Apportation              Tloc           #.....       22%         1    #......
 Conjure Flame            Conj/Fire      #.......     82%         3    ###....
 Bolt of Fire             Conj/Fire      #.........   100%        6    #######
 Lightning Bolt           Conj/Air       #.........   100%        5    ######.
 Bolt of Magma            Conj/Fire/Erth #.........   100%        5    ######.
 Slow                     Hex            #.......     65%         2    ###....
 Confuse                  Hex            #.......     87%         3    ###....
 Invisibility             Hex            #.......     100%        6    #######
 Throw Flame              Conj/Fire      #.....       58%         2    ###....
 Throw Frost              Conj/Ice       #.....       58%         2    ###....
 Venom Bolt               Conj/Pois      #.........   100%        5    ######.
 Olgreb's Toxic Radiance  Pois           #.......     93%         4    #####..
 Teleport Other           Tloc           #.......     58%         3    ###....
 Death's Door             Chrm/Necr      #.........   100%        8    #######
 Summon Small Mammal      Summ           #...         16%         1    #......
 Lehudib's Crystal Spear  Conj/Erth      #.........   100%        8    #######
 Fire Storm               Conj/Fire      #.........   100%        9    #######
 Iskenderun's Mystic Bla  Conj           #.......     99%         4    #####..
 Animate Dead             Necr           N/A          99%         4    #####..
 Pain                     Necr           #...         50%         1    #......
 Vampiric Draining        Necr           #.........   87%         3    ###....
 Haunt                    Necr/Summ      #.........   100%        7    #######
 Borgnjor's Revivificati  Necr           #.........   100%        8    #######
 Freeze                   Ice            #...         50%         1    #......
 Sticky Flame             Conj/Fire      #.......     99%         4    #####..
 Summon Ice Beast         Ice/Summ       #.......     97%         4    #####..
 Ozocubu's Armour         Chrm/Ice       #.......     87%         3    ###....
 Poison Arrow             Conj/Pois      #.........   100%        6    #######
 Sting                    Conj/Pois      #...         30%         1    #......
 Tukima's Dance           Hex            #.......     87%         3    ###....
 Summon Demon             Summ           #.........   99%         5    ######.
 Corpse Rot               Necr           N/A          65%         2    ###....
 Iron Shot                Conj/Erth      #.........   100%        6    #######
 Stone Arrow              Conj/Erth      #.....       82%         3    ###....
 Shock                    Conj/Air       #...         34%         1    #......
 Swiftness                Chrm/Air       #.......     56%         2    ###....
 Recall                   Summ/Tloc      N/A          50%         3    ###....
 Spider Form              Tmut/Pois      #.........   73%         3    ###....
 Blade Hands              Tmut           #.........   100%        5    ######.
 Ice Form                 Ice/Tmut       #.......     99%         4    #####..
 Dragon Form              Tmut           #.........   100%        7    #######
 Necromutation            Tmut/Necr      #.........   100%        8    #######
 Death Channel            Necr           #.........   100%        6    #######
 Deflect Missiles         Chrm/Air       #.........   100%        6    #######
 Throw Icicle             Conj/Ice       #.......     99%         4    #####..
 Glaciate                 Conj/Ice       #.........   100%        9    #######
 Airstrike                Air            #.........   98%         4    #####..
 Shadow Creatures         Summ           N/A          100%        6    #######
 Confusing Touch          Hex            #.....       50%         1    #......
 Flame Tongue             Conj/Fire      #....        43%         1    #......
 Passwall                 Tmut/Erth      #.......     65%         2    ###....
 Sticks to Snakes         Tmut           #.......     65%         2    ###....
 Call Canine Familiar     Summ           #.......     45%         3    ###....
 Ensorcelled Hibernation  Hex/Ice        #.....       65%         2    ###....
 Summon Butterflies       Summ           #.......     16%         1    #......
 Silence                  Hex/Air        #.........   100%        5    ######.
 Static Discharge         Conj/Air       #.......     73%         3    ###....
 Corona                   Hex            #......      50%         1    #......
 Alistair's Intoxication  Tmut/Pois      #.......     100%        5    ######.
 Lee's Rapid Deconstruct  Erth           #.........   100%        5    ######.
 Sandblast                Erth           #.....       50%         1    #......
 Simulacrum               Ice/Necr       #.........   100%        6    #######
 Conjure Ball Lightning   Conj/Air       #.........   100%        6    #######
 Chain Lightning          Conj/Air       #.........   100%        8    #######
 Portal Projectile        Hex/Tloc       #.....       73%         3    ###....
 Petrify                  Tmut/Erth      #.......     99%         4    #####..
 Passage of Golubria      Tloc           N/A          94%         4    #####..
 Orb of Destruction       Conj           #.........   100%        7    #######
 Tornado                  Air            #.........   100%        9    #######
 Leda's Liquefaction      Hex/Erth       #.........   99%         4    #####..
 Summon Hydra             Summ           #.........   100%        7    #######
 Shroud of Golubria       Chrm/Tloc      #.........   50%         2    ###....
 Inner Flame              Hex/Fire       #.......     87%         3    ###....
 Aura of Abjuration       Summ           #.........   99%         5    ######.
 Beastly Appendage        Tmut           #.....       50%         1    #......
 Iskenderun's Battlesphe  Conj/Chrm      #.......     100%        5    ######.
 Fulminant Prism          Conj/Hex       #.........   99%         4    #####..
 Dazzling Spray           Conj/Hex       #.....       82%         3    ###....
 Force Lance              Conj/Tloc      #.......     97%         4    #####..
 Searing Ray              Conj           #.....       50%         2    ###....
 Discord                  Hex            #.........   100%        8    #######
 Summon Forest            Summ/Tloc      #.........   99%         5    ######.
 Summon Lightning Spire   Summ/Air       #.......     94%         4    #####..
 Summon Guardian Golem    Hex/Summ       #.......     67%         3    ###....
 Dragon's Call            Summ           #.........   100%        9    #######
 Spellforged Servitor     Conj/Summ      #.........   100%        7    #######
 Summon Mana Viper        Hex/Summ       #.......     100%        5    ######.
 Hydra Form               Tmut           #.........   100%        6    #######
 Gell's Gravitas          Tloc           #.........   58%         3    ###....
 Yara's Violent Unravell  Hex/Tmut       #.........   100%        5    ######.
 Infestation              Necr           #.........   100%        8    #######
 Lesser Beckoning         Tloc           #.........   58%         3    ###....
 Borgnjor's Vile Clutch   Necr/Erth      #.........   100%        5    ######.


Dungeon Overview and Level Annotations

Branches:
Dungeon (15/15)            Temple (1/1) D:6            Lair (6/6) D:10
  Swamp (4/4) Lair:4       Spider (4/4) Lair:4        Slime (5/5) Lair:6
    Orc (2/2) D:9             Elf (3/3) Orc:2        Vaults (4/5) D:13
  Crypt (3/3) Vaults:2       Tomb (0/3) Crypt:3      Depths (5/5) D:15
    Zot (5/5) Depths:5

Altars:
Ashenzari
Dithmenos
Fedhas
Gozag
Hepliaklqana
Kikubaaqudgha
Makhleb
Nemelex Xobeh
Okawaru
Qazlal
Ru
Sif Muna
Uskayaw
Vehumet
Wu Jian
Xom
Yredelemnul
Zin
The Shining One
Beogh

Shops:
D:6 *   Orc:2 (*[:   Elf:1 %   Vaults:2 (   Vaults:4 **   Depths:1 *
Depths:2 (   Depths:5 *

Portals:
Hell: Depths:1 Depths:2 Depths:3 Depths:4 Depths:5
Abyss: Depths:4
Pandemonium: Depths:3 Depths:4
Ziggurat: Depths:5

Annotations:
D:1 I'd rather be playing xcrawl
D:7 exclusion: downstairs
D:9 exclusion: downstairs
Lair:1 3 exclusions, Fannar
Lair:2 3 runed doors, Ugoaj's ghost, journeyman DDFi
Lair:5 exclusion: downstairs
Lair:6 2 exclusions
Slime:2 exclusion: upstairs
Slime:3 exclusion: upstairs
Elf:2 3 runed doors
Vaults:1 GIVE MR+
Crypt:1 3 exclusions
Depths:5 3 runed doors, exclusions: eye of devastation, eye of draining, shining eye and 1 more exclusion, Nutatal's ghost, veteran MiFi
Zot:1 1 exclusion


Innate Abilities, Weirdness & Mutations

You have hooves in place of feet.
Armour fits poorly on your strangely shaped body.
You cover ground very quickly.
You have extremely tough skin. (AC +3)
Your mind is acute. (Int +2)
You are somewhat resistant to further mutation.
Your spells are a little easier to cast, but a little less powerful.


Message History

Unknown command.
The monstrous corrupter moves out of view.
The monstrous demonspawn moves out of view.
Evoke which item? (* to show all) (? for menu, Esc to quit)
Aiming: Dig
Press: ? - help, Shift-Dir - straight line A rock wall.
This square is covered in magical glow.
The rock shatters into small pieces.
Unknown command.
Unknown command.
There is a staircase leading out of the dungeon here.
Unknown command. (m)acro, (M)acro raw, keymap [(k) default, (x) level-map, (t)argeting, (c)onfirm, m(e)nu], (s)ave?
Aborting.
Unknown command.
Unknown command.
Unknown command.
New annotation for D:1 (include '!' for warning): I'd rather be playing xcrawl You have escaped!

..........# #.........#.......
#######..## #.........#...P...
#######.########...####.#..PPPP♣
##.............###### #.#.....♣♣
.....#######.......### #.#.....P.
..###.......###......###.#.....PP
##.............###....##.#.....P.
.....#######......#...##.#.......
...### ###..@..#...#.#.......
...# ##....#...#.#....... ..#.#
##....#...#.#....... ...###
###.....#...#..♣♣♣♣♣♣.
.....#######......#...##.........
##.............###....#..#♣♣♣♣♣♣.
..###.......###......##.###......
.....#######.......###..# #....##
##.............#####...## #....#


There were no monsters in sight!

Vanquished Creatures
  the Royal Jelly (Slime:5)
  4 ancient liches
  Khufu (Crypt:1)
  Mara (Vaults:2)
  10 orbs of fire
  Mennas (Depths:3)
  2 greater mummies (Crypt:1)
  Sojobo (Crypt:1)
  A shard shrike (shapeshifter) (Depths:3)
  5 Killer Klowns (Zot:5)
  Margery (Crypt:1)
  9 curse toes
  A caustic shrike (Depths:4)
  Xtahua (Vaults:4)
  The ghost of Loag the Scorcher, a veteran DrFE of Okawaru (Vaults:4)
  8 golden dragons
  Nikola (Vaults:2)
  the Enchantress (Depths:1)
  2 bone dragons (Crypt:3)
  Jory (Depths:5)
  13 tentacled monstrosities
  2 electric golems (Zot:5)
  26 Orb Guardians
  5 liches
  2 deep elf blademasters (Elf:3)
  Asterion (Elf:2)
  6 quicksilver dragons
  A moon troll (WizLab)
  3 sphinxes
  20 acid blobs
  2 deep elf master archers (Elf:3)
  6 tentacled starspawn (WizLab)
  7 death cobs
  11 storm dragons
  6 ancient champions
  6 shadow dragons
  A thorn hunter (Swamp:4)
  A revenant (Crypt:1)
  2 draconian monks
  9 azure jellies
  5 tengu reavers
  An azure jelly (shapeshifter) (Depths:3)
  A ghost moth (shapeshifter) (Vaults:4)
  3 draconian knights
  Louise (Elf:3)
  10 ghost moths
  3 frost giants
  Aizul (Crypt:1)
  2 orc warlords
  3 fire giants
  9 deep elf sorcerers
  8 draconian scorchers
  2 iron dragons (Depths:4)
  8 vault wardens
  4 draconian shifters
  2 cacodemons
  A curse skull (Crypt:1)
  6 emperor scorpions
  10 ghouls
  11 draconian annihilators
  7 draconian stormcallers
  4 deep elf elementalists
  13 ironheart preservers
  3 spriggan defenders
  5 war gargoyles
  14 stone giants
  A reaper (Crypt:3)
  6 entropy weavers
  22 very ugly things
  6 black draconians
  4 vampire knights
  6 deep elf demonologists (Elf:3)
  14 yellow draconians
  14 green draconians
  7 red draconians
  4 spark wasps
  12 white draconians
  The ghost of Ruathrur the Grappler, a journeyman TrMo of Okawaru (Lair:5)
  13 purple draconians
  Snorg (D:9)
  6 deep elf death magi
  7 crystal guardians
  6 deep elf annihilators
  3 blizzard demons
  4 ettins
  Josephine (Lair:5)
  6 eidola
  A merfolk javelineer (Depths:2)
  6 fire dragons
  9 death oozes
  10 great orbs of eyes
  3 deep elf high priests (Elf:3)
  13 jiangshi
  8 yaktaur captains
  36 hydras
  8 ice dragons
  A naga warrior (Depths:2)
  2 quicksilver dragon skeletons (Crypt:3)
  2 catoblepae
  A peacekeeper (Vaults:1)
  5 vault guards
  A hydra (shapeshifter) (Depths:3)
  A ghost crab (Swamp:2)
  A hell beast (Depths:4)
  37 two-headed ogres
  An anaconda (shapeshifter) (Depths:3)
  5 death knights
  4 spriggan air magi
  11 alligators
  2 anacondas (Depths:2)
  A two-headed ogre (shapeshifter) (Depths:3)
  9 centaur warriors
  2 rakshasas
  A queen ant (Spider:3)
  11 ogre magi
  7 deep troll shamans
  9 tengu warriors
  5 death yaks (Lair:5)
  7 spriggan berserkers
  Urug (Orc:1)
  30 dancing weapons
  5 vampire magi
  6 deep troll earth magi
  A death yak (shapeshifter) (Depths:3)
  2 storm dragon zombies (Crypt:3)
  19 deep elf knights
  A sun demon (Depths:4)
  4 orc high priests
  A wretched star (WizLab)
  Nergalle (Orc:1)
  A fire crab (Lair:6)
  3 titan skeletons (Crypt:3)
  A sixfirhy (Zot:3)
  A salamander mystic (Depths:4)
  A storm dragon skeleton (Crypt:3)
  15 hell knights
  66 skeletal warriors
  4 shadow wraiths
  2 orange crystal statues
  23 deep trolls
  5 unseen horrors
  7 flayed ghosts
  A quicksilver dragon simulacrum (Crypt:3)
  4 obsidian statues
  7 spriggan druids
  A swamp dragon (shapeshifter) (Vaults:1)
  A glowing orange brain (shapeshifter) (Depths:3)
  10 glowing orange brains
  A shadow demon (Zot:1)
  4 shambling mangroves
  10 ironbrand convokers
  A deep troll (shapeshifter) (Depths:2)
  3 harpies (Vaults:2)
  13 swamp dragons
  22 deep elf archers
  A lindwurm (shapeshifter) (Depths:3)
  10 phantasmal warriors
  22 orc knights
  5 wizards
  A lindwurm (Depths:2)
  8 necromancers
  Pikel (D:6)
  A harpy (shapeshifter) (Vaults:3)
  26 orb spiders
  54 ugly things
  25 wolf spiders
  58 deep elf magi
  4 manticores
  An anaconda skeleton (Crypt:3)
  A shining eye (shapeshifter) (Depths:3)
  91 slime creatures
  3 oklob plants
  2 shadow dragon skeletons (Crypt:3)
  5 shining eyes
  7 cyclopes
  An elephant (shapeshifter) (Depths:3)
  32 moths of wrath
  4 salamanders (Depths:4)
  13 orc sorcerers
  2 salamanders (shapeshifter)
  An iron dragon skeleton (Crypt:3)
  2 guardian serpents (Depths:2)
  4 naga magi
  A rust devil (Depths:4)
  Maurice (D:12)
  14 elephants
  9 gargoyles
  An eye of devastation (shapeshifter) (Depths:3)
  8 eyes of devastation
  14 spiny frogs
  A water nymph (shapeshifter) (Depths:3)
  A smoke demon (Depths:5)
  4 black mambas
  A spiny frog (shapeshifter) (Vaults:4)
  A white draconian zombie (Crypt:3)
  14 vault sentinels
  A molten gargoyle (Depths:3)
  A yellow draconian zombie (Crypt:3)
  An orange demon (Zot:3)
  3 shock serpent skeletons (Crypt:3)
  A rime drake (Lair:4)
  An ice devil (Depths:2)
  A komodo dragon (shapeshifter) (Vaults:2)
  50 yaktaurs
  A yaktaur (shapeshifter) (Depths:1)
  11 demonic crawlers
  8 freezing wraiths
  6 komodo dragons
  A catoblepas skeleton (Crypt:3)
  2 efreet
  2 minotaur skeletons
  4 trolls
  A harpy zombie (Crypt:2)
  13 guardian mummies
  9 meliai
  A merfolk (shapeshifter) (Vaults:4)
  5 tengu conjurers
  32 jumping spiders
  28 hornets
  A hydra skeleton (Crypt:3)
  A blink frog (shapeshifter) (Vaults:1)
  2 jumping spiders (shapeshifter)
  A meliai (shapeshifter) (D:13)
  3 saltlings (Vaults:1)
  4 wind drakes (Depths:3)
  A hornet (shapeshifter) (Depths:4)
  2 polar bears (Lair:4)
  9 tyrant leeches
  14 bog bodies
  6 dream sheep
  14 blink frogs
  7 hippogriffs
  An ettin skeleton (Crypt:3)
  9 flying skulls (Crypt:3)
  63 redbacks
  An alligator skeleton (Crypt:2)
  An ice dragon skeleton (Crypt:2)
  11 air elementals
  11 wraiths
  A black mamba zombie (Crypt:2)
  3 shadows
  26 water elementals
  A spriggan (shapeshifter) (Vaults:2)
  28 tarantellas
  A wyvern (D:12)
  A vampire (D:14)
  15 spriggans
  A ynoxinul (Depths:4)
  A tarantella (shapeshifter) (Depths:1)
  2 black mamba skeletons (Crypt:3)
  49 yaks
  3 fire elementals
  9 golden eyes
  15 humans (D:13)
  A steam dragon (D:9)
  6 basilisks
  4 neqoxecs
  A steam dragon (shapeshifter) (Depths:5)
  23 vampire mosquitoes
  23 swamp worms
  7 wargs
  22 insubstantial wisps
  4 soldier ants
  7 water moccasins
  3 acid dragons
  A monstrous demonspawn skeleton (Crypt:2)
  8 porcupines
  51 orc warriors
  5 ice beasts
  A merfolk skeleton (Crypt:3)
  17 swamp drakes
  2 eyes of draining (shapeshifter) (Vaults:4)
  A hornet zombie (D:15)
  4 sky beasts
  2 slaves (D:7)
  6 eyes of draining
  An ice beast (shapeshifter) (Elf:1)
  9 necrophages
  11 starcursed masses (WizLab)
  10 wolves (Lair:5)
  39 ogres
  2 phantoms
  A dream sheep zombie (Crypt:1)
  A manticore zombie (Crypt:2)
  A snapping turtle skeleton (Crypt:3)
  8 boggarts (Depths:1)
  A swamp dragon skeleton (Crypt:3)
  7 crocodiles
  24 centaurs
  A salamander zombie (Crypt:1)
  A hog skeleton (Crypt:2)
  Blork the orc (Orc:2)
  2 big kobolds
  14 bullfrogs
  A water moccasin zombie (Crypt:2)
  15 earth elementals
  2 scorpions
  A shapeshifter zombie (Crypt:1)
  A troll zombie (Crypt:3)
  A water moccasin skeleton (D:7)
  20 killer bees
  2 howler monkeys
  4 electric eels
  11 wights
  4 crimson imps
  5 bullfrog zombies
  2 quasits
  4 centaur skeletons
  A human zombie (Crypt:2)
  A soldier ant zombie (Crypt:2)
  4 hounds
  22 jellies
  34 orc priests
  2 bullfrog skeletons
  19 orc wizards
  5 iguanas
  A human skeleton (Crypt:3)
  14 worker ants
  A felid zombie (Crypt:2)
  2 big kobold zombies
  A deep dwarf zombie (Crypt:1)
  A naga skeleton (Crypt:3)
  A tengu skeleton (Crypt:1)
  A hound skeleton (D:7)
  A howler monkey zombie (D:7)
  5 mummies
  13 adders
  3 gnolls (D:7)
  6 shadow imps
  26 oozes
  2 adder zombies
  2 adder skeletons
  A worm (D:2)
  A ball lightning (Depths:3)
  3 dart slugs
  8 leopard geckos
  97 orcs
  4 giant cockroaches
  8 goblins
  4 hobgoblins
  6 jackals (D:3)
  20 kobolds
  5 quokkas
  A ball python (D:3)
  5 bats
  4 frilled lizards
  A gnoll skeleton (Crypt:2)
  A jackal zombie (D:5)
  A leopard gecko skeleton (D:9)
  2 leopard gecko zombies
  A quokka zombie (D:5)
  4 rats (D:3)
  3 fungi
  13 plants
2685 creatures vanquished.

Vanquished Creatures (collateral kills)
  A spiny frog (Lair:2)
  A yak (D:10)
  A hungry ghost (D:9)
  A soldier ant (D:10)
  An orc warrior (D:7)
  4 ice beasts
  2 sky beasts
  2 black bears
  5 centaurs
  2 scorpions
  A killer bee (D:7)
  A wight (D:7)
  A crimson imp (D:3)
  2 hounds
  2 orc priests
  Ijyb (D:4)
  An orc wizard (D:4)
  3 worker ants
  A hound skeleton (D:10)
  An adder (D:3)
  3 orcs (D:9)
  A goblin (D:3)
  A quokka (D:8)
39 creatures vanquished.

Vanquished Creatures (others)
  A draconian stormcaller (Zot:4)
  A deep elf knight (Elf:1)
  A deep elf archer (Elf:1)
  2 moths of wrath (Zot:5)
  A yaktaur (Depths:2)
  A tyrant leech (Swamp:1)
  An orc warrior (Elf:1)
  A centaur skeleton (D:10)
  A worker ant (Spider:3)
  8 ball lightnings (Depths:3)
  2 orcs
  2 bushes (Lair:6)
  A demonic plant (WizLab)
  18 fungi
  13 plants
  14 starspawn tentacles (WizLab)
68 creatures vanquished.

Grand Total: 2792 creatures vanquished

Notes
Turn   | Place    | Note
-------+----------+-------------------------------------------
     0 | D:1      | guanidine the Centaur Wizard began the quest for the Orb.
     0 | D:1      | Reached XP level 1. HP: 14/14 MP: 3/3
    47 | D:1      | Reached skill level 1 in Conjurations
   245 | D:1      | Reached skill level 1 in Fighting
   359 | D:1      | Reached XP level 2. HP: 23/23 MP: 0/5
   414 | D:1      | Learned a level 2 spell: Call Imp
   475 | D:1      | Reached skill level 1 in Summonings
  1292 | D:1      | Learned a level 2 spell: Blink
  1652 | D:2      | Found a shimmering altar of Xom.
  1798 | D:1      | Reached XP level 3. HP: 25/28 MP: 2/6
  2271 | D:3      | Reached skill level 2 in Fighting
  2332 | D:3      | Reached skill level 3 in Fighting
  2332 | D:3      | Reached XP level 4. HP: 31/38 MP: 1/7
  3850 | D:3      | Reached skill level 4 in Fighting
  3850 | D:3      | Reached XP level 5. HP: 42/46 MP: 0/8
  4348 | D:4      | Noticed Ijyb
  4441 | D:4      | Killed Ijyb
  4735 | D:4      | Reached skill level 5 in Fighting
  5131 | D:4      | Reached XP level 6. HP: 48/56 MP: 6/9
  5535 | D:4      | You fall through a shaft!
  5535 | D:5      | Entered Level 5 of the Dungeon
  5610 | D:5      | Noticed a sky beast
  5719 | D:5      | Found a radiant altar of Vehumet.
  6105 | D:4      | Found the +0 Maxwell's etheric cage {RegenMP+ *Contam rElec MP+4}
  6241 | D:4      | Reached skill level 6 in Fighting
  7377 | D:4      | Killed a sky beast
  7377 | D:4      | Reached skill level 7 in Fighting
  7377 | D:4      | Reached skill level 1 in Evocations
  7377 | D:4      | Reached XP level 7. HP: 66/66 MP: 1/10
  7896 | D:4      | Reached skill level 1 in Translocations
  9340 | D:5      | Reached skill level 8 in Fighting
  9941 | D:5      | Reached XP level 8. HP: 75/75 MP: 2/11
 10877 | D:6      | Found Epaetsak's General Store.
 10930 | D:6      | Bought a scroll of magic mapping for 45 gold pieces
 10930 | D:6      | Bought a potion of heal wounds for 65 gold pieces
 11495 | D:6      | Reached skill level 9 in Fighting
 11627 | D:6      | Reached skill level 1 in Shields
 12429 | D:6      | Found a staircase to the Ecumenical Temple.
 12435 | Temple   | Entered the Ecumenical Temple
 12444 | Temple   | Became a worshipper of Warmaster Okawaru
 12707 | D:6      | Reached skill level 1 in Invocations
 13399 | D:7      | Reached skill level 1 in Unarmed Combat
 14049 | D:7      | Reached skill level 1 in Long Blades
 14049 | D:7      | Reached XP level 9. HP: 81/83 MP: 7/12
 14176 | D:7      | Reached * piety under Okawaru
 14528 | D:7      | Noticed Pikel
 14625 | D:6      | Killed Pikel
 14747 | D:6      | Reached skill level 5 in Shields
 16139 | D:8      | Identified the Collected Works on Enchantment
 16179 | D:8      | Reached ** piety under Okawaru
 18400 | D:9      | Reached XP level 10. HP: 85/93 MP: 7/13
 18620 | D:9      | Reached skill level 10 in Fighting
 18739 | D:9      | Reached *** piety under Okawaru
 18943 | D:8      | Reached skill level 5 in Invocations
 19527 | D:9      | Reached skill level 1 in Armour
 20577 | D:9      | Found a staircase to the Orcish Mines.
 20586 | D:9      | Found a roughly hewn altar of Beogh.
 20642 | D:10     | Entered Level 10 of the Dungeon
 20642 | D:10     | Noticed a death knight
 20845 | D:10     | Noticed a deep elf mage
 20864 | D:10     | Noticed a rust devil
 21122 | D:10     | Killed a deep elf mage
 21122 | D:10     | Reached **** piety under Okawaru
 21238 | D:10     | Noticed a two-headed ogre
 21511 | D:10     | Found a sacrificial altar of Ru.
 21999 | D:10     | Killed a two-headed ogre
 22128 | D:10     | Noticed an oklob plant
 22372 | D:10     | Reached ***** piety under Okawaru
 22749 | D:9      | Reached XP level 11. HP: 69/99 MP: 14/14
 22886 | Orc:1    | Entered Level 1 of the Orcish Mines
 22886 | Orc:1    | Noticed Nergalle
 23166 | D:10     | Noticed an oklob plant
 23185 | D:10     | Found a staircase to the Lair.
 23266 | D:10     | Killed an oklob plant
 23266 | D:10     | Received a gift from Okawaru
 23415 | D:10     | Killed an oklob plant
 23560 | Lair:1   | Entered Level 1 of the Lair of Beasts
 23560 | Lair:1   | Noticed a six-headed hydra
 23564 | Lair:1   | Noticed a seven-headed hydra
 23573 | Lair:1   | Killed a seven-headed hydra
 23583 | Lair:1   | Killed a seven-headed hydra
 23956 | Lair:1   | Noticed a four-headed hydra
 23978 | Lair:1   | Killed a four-headed hydra
 24195 | Lair:1   | Reached skill level 11 in Fighting
 24809 | Lair:1   | Noticed Fannar
 25815 | Lair:2   | Noticed a catoblepas
 25863 | Lair:2   | Killed a catoblepas
 25932 | Lair:2   | Reached XP level 12. HP: 112/112 MP: 16/16
 25956 | Lair:2   | Reached skill level 12 in Fighting
 26173 | Lair:2   | Found a runed gate.
 26533 | Lair:2   | Found a runed gate.
 26533 | Lair:2   | Noticed Ugoaj's ghost (journeyman DDFi)
 26534 | Lair:2   | Found a runed gate.
 26648 | Lair:2   | Reached skill level 5 in Unarmed Combat
 26979 | Lair:3   | Learned a level 2 spell: Poisonous Vapours
 27443 | Lair:3   | Reached skill level 1 in Air Magic
 27443 | Lair:3   | Reached skill level 1 in Poison Magic
 27780 | Lair:3   | Found a glowing silver altar of Zin.
 28681 | Lair:4   | Noticed a six-headed hydra
 28699 | Lair:4   | Killed a six-headed hydra
 30187 | Lair:4   | Received a gift from Okawaru
 30940 | Lair:4   | Found a hole to the Spider Nest.
 30998 | Lair:4   | Learned a level 3 spell: Mephitic Cloud
 31315 | Lair:5   | Noticed Josephine
 31362 | Lair:5   | Reached XP level 13. HP: 117/118 MP: 14/18
 31370 | Lair:5   | Killed Josephine
 32111 | Lair:4   | Reached skill level 10 in Unarmed Combat
 32229 | Lair:5   | Found a hide-covered altar of Uskayaw.
 32646 | Lair:5   | Found a runed door.
 32648 | Lair:5   | Noticed Ruathrur's ghost (journeyman TrMo)
 33580 | Lair:5   | Killed Ruathrur's ghost
 33876 | Lair:6   | Entered Level 6 of the Lair of Beasts
 34250 | Lair:6   | Found a staircase to the Slime Pits.
 35021 | Lair:5   | Received a gift from Okawaru
 35161 | Lair:6   | Reached ****** piety under Okawaru
 35161 | Lair:6   | Reached skill level 1 in Throwing
 36887 | Lair:6   | Reached skill level 5 in Throwing
 37375 | Lair:6   | Received a gift from Okawaru
 38277 | D:11     | Reached XP level 14. HP: 124/126 MP: 19/19
 40009 | Orc:1    | Noticed Urug
 40021 | Orc:1    | Killed Urug
 40034 | Orc:1    | Killed Nergalle
 40052 | Orc:1    | Noticed Snorg
 40882 | Lair:4   | Found a staircase to the Swamp.
 40923 | Swamp:1  | Entered Level 1 of the Swamp
 43181 | Swamp:1  | Received a gift from Okawaru
 43732 | Swamp:1  | Reached skill level 15 in Unarmed Combat
 45535 | Swamp:1  | Received a gift from Okawaru
 46099 | Swamp:2  | Got a pitted chain mail
 46100 | Swamp:2  | Identified the cursed +0 chain mail of Gallantry {-Cast Dex+4 Slay+2 Stlth+} (You found it on level 2 of the Swamp)
 46164 | Swamp:2  | Received a gift from Okawaru
 46584 | Swamp:3  | Got a brightly glowing bone ring
 46585 | Swamp:3  | Identified the ring "Biskiawo" {Ice MP+9 Int+2 SInv} (You found it on level 3 of the Swamp)
 46936 | Swamp:3  | Reached XP level 15. HP: 121/132 MP: 20/20
 47011 | Swamp:2  | Reached skill level 5 in Armour
 48846 | Swamp:4  | Entered Level 4 of the Swamp
 49321 | Swamp:3  | Received a gift from Okawaru
 50288 | Swamp:4  | Received a gift from Okawaru
 51166 | Swamp:4  | Received a gift from Okawaru
 51255 | Swamp:4  | Got a distressingly furry ring mail
 51259 | Swamp:4  | Identified the +1 ring mail "Bacvaj" {rC+ Str+4 Dex-2} (You found it on level 4 of the Swamp)
 51349 | Swamp:4  | Reached skill level 13 in Fighting
 52035 | Swamp:4  | Received a gift from Okawaru
 52038 | Swamp:4  | Got a smoking short sword {god gift}
 52042 | Swamp:4  | Identified the +1 short sword of the Enemy {venom, *Slow rF+++ Str+5} (Okawaru gifted it to you on level 4 of the Swamp)
 52374 | Swamp:4  | Reached XP level 16. HP: 131/144 MP: 21/21
 52427 | Swamp:4  | Got a decaying rune of Zot
 52439 | Swamp:4  | Noticed a thorn hunter
 52464 | Swamp:4  | Killed a thorn hunter
 52933 | Orc:1    | Paralysed by an orc sorcerer for 2 turns
 53019 | D:9      | Killed Snorg
 53504 | Orc:2    | Entered Level 2 of the Orcish Mines
 53710 | Orc:2    | Found a staircase to the Elven Halls.
 53880 | Orc:1    | Received a gift from Okawaru
 53883 | Orc:1    | Got a translucent double sword {god gift}
 53887 | Orc:1    | Identified the +6 double sword of Cogit {venom, SInv} (Okawaru gifted it to you on level 1 of the Orcish Mines)
 54608 | Orc:2    | Noticed Blork the orc
 54618 | Orc:2    | Killed Blork the orc
 54632 | Orc:2    | Found a roughly hewn altar of Beogh.
 54686 | Orc:2    | Reached skill level 14 in Fighting
 54949 | Orc:2    | Found Mevoariq's General Store.
 55002 | Orc:2    | Found Umuotox's Antique Weapon Shoppe.
 55020 | Orc:2    | Found Gaiphar's Antique Armour Shoppe.
 55084 | Orc:2    | Found Haijy's Book Shoppe.
 55265 | Orc:2    | Learned a level 3 spell: Regeneration
 55536 | Orc:2    | Bought a translucent scale mail for 270 gold pieces
 55536 | Orc:2    | Identified the +1 scale mail "Jiluts" {*Corrode rPois Dex+2} (You bought it in a shop on level 2 of the Orcish Mines)
 55725 | D:12     | Got a crystal rapier
 57158 | D:13     | Received a gift from Okawaru
 57162 | D:13     | Identified the +2 rapier of Drought {flame, rPois rC- Str+7} (You found it on level 12 of the Dungeon)
 57259 | D:13     | Noticed Maurice
 57283 | D:12     | Killed Maurice
 58302 | D:13     | Found a gate to the Vaults.
 58414 | D:13     | Identified a scroll of acquirement
 58457 | D:13     | Got a translucent wooden ring
 58458 | D:13     | Identified the ring "Kistrit" {rF+ Int+4 Dex-2 Slay+2} (You acquired it on level 13 of the Dungeon)
 59459 | D:14     | Reached skill level 15 in Fighting
 59999 | D:14     | Reached XP level 17. HP: 156/156 MP: 22/22
 60641 | D:15     | Entered Level 15 of the Dungeon
 60688 | D:15     | Received a gift from Okawaru
 61333 | D:15     | Reached skill level 10 in Throwing
 61816 | D:15     | Found a staircase to the Depths.
 61838 | D:15     | Received a gift from Okawaru
 62385 | Spider:1 | Entered Level 1 of the Spider Nest
 62983 | Spider:1 | Got a faintly glowing battleaxe
 63366 | Spider:1 | Got a crude broad axe
 64607 | Spider:2 | Received a gift from Okawaru
 65014 | Spider:2 | Reached skill level 5 in Evocations
 65498 | Spider:3 | Reached skill level 16 in Fighting
 65787 | Spider:3 | Received a gift from Okawaru
 66919 | Spider:3 | Found a roughly hewn altar of Beogh.
 66925 | Spider:3 | Found the +10 large shield of Ignorance {rN+ Int-4}
 66999 | Spider:3 | Got a thick robe
 67052 | Spider:4 | Entered Level 4 of the Spider Nest
 67195 | Spider:4 | Reached XP level 18. HP: 166/166 MP: 23/23
 67364 | Spider:4 | Received a gift from Okawaru
 67571 | Spider:4 | Received a gift from Okawaru
 69203 | Spider:4 | Received a gift from Okawaru
 69585 | Spider:4 | Reached skill level 10 in Shields
 70151 | Spider:4 | Got a gossamer rune of Zot
 70844 | Orc:2    | Bought a crude plate armour for 840 gold pieces
 70856 | Orc:2    | Identified the +3 plate armour of Qaczohex {MR+ Str-2 Int+4} (You bought it in a shop on level 2 of the Orcish Mines)
 71031 | Vaults:1 | Entered Level 1 of the Vaults
 71076 | Vaults:1 | You are sucked into a shaft!
 72495 | Vaults:1 | Reached XP level 19. HP: 173/173 MP: 25/25
 72558 | Vaults:1 | Received a gift from Okawaru
 73139 | Vaults:1 | Received a gift from Okawaru
 73994 | Vaults:2 | Got a steaming mace {flame}
 74411 | Vaults:2 | Noticed Mara
 74484 | Vaults:2 | Killed Mara
 74484 | Vaults:2 | Received a gift from Okawaru
 74829 | Vaults:2 | Received a gift from Okawaru
 75050 | Vaults:2 | Noticed Nikola
 75063 | Vaults:2 | Killed Nikola
 75079 | Vaults:2 | Received a gift from Okawaru
 75362 | Vaults:2 | Found Jeommia's Antique Weapon Boutique.
 75479 | Vaults:2 | Received a gift from Okawaru
 76060 | Vaults:2 | Found a staircase to the Crypt.
 77387 | Vaults:3 | Reached skill level 17 in Fighting
 77408 | Vaults:3 | Learned a level 1 spell: Animate Skeleton
 78095 | Vaults:3 | Reached XP level 20. HP: 184/184 MP: 24/26
 79190 | Vaults:4 | Received a gift from Okawaru
 79324 | Vaults:4 | Noticed Xtahua
 79344 | Vaults:4 | Killed Xtahua
 80076 | Vaults:4 | Found a runed gate.
 80077 | Vaults:4 | Found an opulent altar of Gozag.
 80077 | Vaults:4 | Found Hootiquf's Assorted Antiques.
 80077 | Vaults:4 | Found Ani Hual's Assorted Antiques.
 81462 | Vaults:4 | Received a gift from Okawaru
 81755 | Vaults:4 | Got a faintly glowing centaur barding {god gift}
 81762 | Vaults:3 | Identified the +0 centaur barding of the Endless Expanse {-Cast rElec MR+ Str+7} (Okawaru gifted it to you on level 4 of the Vaults)
 82735 | Vaults:4 | Found a runed gate.
 82737 | Vaults:4 | Noticed Loag's ghost (veteran DrFE)
 82738 | Vaults:4 | Found a runed gate.
 83253 | Vaults:4 | Killed Loag's ghost
 83453 | Vaults:4 | Bought a scroll labeled ETA OMMUVA for 33 gold pieces
 83754 | Elf:1    | Entered Level 1 of the Elven Halls
 83961 | Elf:1    | Found a magical portal.
 83975 | WizLab   | Entered Lehudib's Moon Base
 84244 | WizLab   | Reached XP level 21. HP: 162/193 MP: 22/27
 84568 | WizLab   | Gained mutation: You are dopey. (Int -2) [a neqoxec]
 85035 | WizLab   | Reached skill level 10 in Armour
 85373 | WizLab   | Received a gift from Okawaru
 85868 | WizLab   | Found a transporter.
 86093 | WizLab   | Identified Lehudib's Volume of the Excruciating Mountains
 86158 | WizLab   | Reached skill level 18 in Fighting
 86318 | WizLab   | Found a transporter.
 86328 | WizLab   | Got a bone arbalest
 86396 | Elf:1    | Found Jerrur's Food Shop.
 86426 | Elf:1    | Received a gift from Okawaru
 86777 | Elf:1    | Reached skill level 5 in Dodging
 86826 | Elf:1    | Found a shimmering altar of Xom.
 87005 | Elf:1    | Found a deep blue altar of Sif Muna.
 87005 | Elf:1    | Found a radiant altar of Vehumet.
 87005 | Elf:1    | Found an ancient bone altar of Kikubaaqudgha.
 87032 | Elf:1    | Received a gift from Okawaru
 87052 | Elf:1    | Got a coiled bone amulet
 87053 | Elf:1    | Identified the amulet "Havisoh" {+Rage Str+2} (You acquired it on level 1 of the Elven Halls)
 87505 | Elf:2    | Noticed Asterion
 87518 | Elf:2    | Killed Asterion
 87529 | Elf:2    | Got a shimmering morningstar
 87641 | Elf:2    | Received a gift from Okawaru
 87796 | Elf:2    | Got a translucent chain mail
 87797 | Elf:2    | Identified the +12 chain mail of Imperfection {rElec rF+} (You found it on level 2 of the Elven Halls)
 87842 | Elf:2    | Found a deep blue altar of Sif Muna.
 88073 | Elf:2    | Found a runed gate.
 88073 | Elf:2    | Found a runed gate.
 88074 | Elf:2    | Found a runed gate.
 88134 | Elf:2    | Received a gift from Okawaru
 88153 | Elf:2    | Lost mutation: You are dopey. (Int -2) [potion of mutation]
 88153 | Elf:2    | Gained mutation: Your mind is acute. (Int +2) [potion of mutation]
 88153 | Elf:2    | Gained mutation: You are somewhat resistant to further mutation. [potion of mutation]
 88385 | Elf:3    | Entered Level 3 of the Elven Halls
 88385 | Elf:3    | Noticed Louise
 88420 | Elf:3    | Killed Louise
 88463 | Elf:3    | Received a gift from Okawaru
 88805 | Elf:3    | Identified the +7 morningstar "Siony" {elec, rPois rF- rN++ Str+4} (You found it on level 2 of the Elven Halls)
 89307 | Elf:3    | Received a gift from Okawaru
 89310 | Elf:3    | Got a transparent scale mail {god gift}
 89313 | Elf:3    | Identified the +4 scale mail "Xuttimidoi" {rC- MR+ Dex+4} (Okawaru gifted it to you on level 3 of the Elven Halls)
 89587 | Elf:3    | Reached XP level 22. HP: 191/203 MP: 23/28
 89879 | Elf:3    | Got an ivory battleaxe {freeze}
 90003 | Elf:3    | Got a warped dagger {venom}
 90230 | Elf:3    | Got a scorched iron ring
 90420 | Elf:3    | Identified the ring of Ynimon {rF+ rN+ MP+9 Dex+4} (You took it off a deep elf master archer on level 3 of the Elven Halls)
 90456 | Elf:3    | Identified the Compendium of Shape Shifting and Enchantment
 90491 | Elf:3    | Got a bloodstained hand crossbow
 90924 | Depths:1 | Entered Level 1 of the Depths
 90930 | Depths:1 | Found Assesy's Pet Rocks.
 91189 | Depths:1 | Got a brightly glowing longbow
 91195 | Depths:1 | Found a gateway to Hell.
 92411 | Depths:2 | Received a gift from Okawaru
 92555 | Depths:2 | Noticed the Enchantress
 92825 | Depths:1 | Killed the Enchantress
 92825 | Depths:1 | Received a gift from Okawaru
 92825 | Depths:1 | Reached skill level 19 in Fighting
 92860 | Depths:1 | Got faerie dragon scales
 92966 | Depths:1 | Identified the +1 faerie dragon scales {rPois Regen+ rCorr} (You took it off the Enchantress on level 1 of the Depths)
 92993 | Depths:2 | Received a gift from Okawaru
 93663 | Depths:2 | Found a large runed door.
 93664 | Depths:2 | Found a large runed door.
 93668 | Depths:2 | Found Diwepsy's Antique Weapon Shop.
 93777 | Depths:2 | Received a gift from Okawaru
 94139 | Depths:2 | Received a gift from Okawaru
 94161 | Depths:2 | Got a scorched short sword {god gift}
 94165 | Depths:2 | Identified the +8 short sword "Coxzaaru" {holy, rF++ rC+} (Okawaru gifted it to you on level 2 of the Depths)
 95174 | Depths:2 | Got a vibrating diamond amulet
 95187 | Depths:2 | Identified the amulet of the Orange Skies {Spirit Slay+3} (You found it on level 2 of the Depths)
 95467 | Depths:3 | Reached XP level 23. HP: 213/213 MP: 29/29
 95625 | Depths:3 | Received a gift from Okawaru
 96264 | Depths:3 | Received a gift from Okawaru
 96342 | Depths:3 | Got a smoking robe
 96583 | Depths:3 | Noticed a shard shrike
 96592 | Depths:3 | Killed a shard shrike
 96592 | Depths:3 | Reached skill level 20 in Fighting
 96661 | Depths:3 | Found a one-way gate leading to the halls of Pandemonium.
 96708 | Depths:3 | Found the +8 mithril axe "Arga" {speed, MR+}
 96786 | Depths:3 | Got a scorched leather armour
 97143 | Depths:4 | Noticed Mennas
 97168 | Depths:3 | Killed Mennas
 97832 | Depths:4 | Received a gift from Okawaru
 97849 | Depths:4 | Found a one-way gate to the infinite horrors of the Abyss.
 98245 | Depths:4 | Noticed a caustic shrike
 98257 | Depths:4 | Killed a caustic shrike
 98773 | Depths:4 | Received a gift from Okawaru
 98899 | Depths:4 | Identified the Disquisition on Quantum Conjuration
 99623 | Depths:5 | Entered Level 5 of the Depths
 99623 | Depths:5 | Noticed Jory
 99635 | Depths:5 | Killed Jory
 99704 | Depths:5 | Found Sackib's General Store.
 99719 | Depths:5 | Bought a scroll of identify for 44 gold pieces
 99719 | Depths:5 | Bought a scroll of enchant armour for 165 gold pieces
 99790 | Depths:5 | Found a runed gate.
 99790 | Depths:5 | Found a runed gate.
 99791 | Depths:5 | Noticed a caustic shrike
 99792 | Depths:5 | Found a runed gate.
 99793 | Depths:5 | Noticed Nutatal's ghost (veteran MiFi)
 99927 | Depths:5 | Reached skill level 21 in Fighting
100034 | Depths:5 | Reached XP level 24. HP: 228/228 MP: 29/29
100154 | Depths:5 | Reached skill level 15 in Shields
100342 | Depths:5 | Got a smoking lapis lazuli ring
100343 | Depths:5 | Identified the ring of Qiffe {*Drain rF++ rN+ Int+2 Stlth+} (You acquired it on level 5 of the Depths)
100358 | Depths:5 | Found a gateway to a ziggurat.
101113 | Depths:5 | Found a gate to the Realm of Zot.
101895 | D:13     | Identified the +7 hand crossbow "Ycwyrank" {elec, rF+} (You found it on level 3 of the Elven Halls)
101896 | D:13     | Identified the +8 dagger of the Coin {venom, *Drain Int+3 SInv} (You took it off a deep elf death mage on level 3 of the Elven Halls)
101897 | D:13     | Identified the +6 mace "Opnat" {flame, rElec Int+2} (You took it off an orc warrior on level 2 of the Vaults)
102086 | Slime:1  | Entered Level 1 of the Pits of Slime
102478 | Slime:2  | Received a gift from Okawaru
102718 | Slime:3  | Received a gift from Okawaru
102851 | Slime:4  | Reached skill level 15 in Throwing
103203 | Slime:5  | Entered Level 5 of the Pits of Slime
103208 | Slime:5  | Reached skill level 22 in Fighting
103679 | Slime:5  | Noticed the Royal Jelly
103840 | Slime:5  | Killed the Royal Jelly
103840 | Slime:5  | Received a gift from Okawaru
104030 | Slime:5  | Received a gift from Okawaru
104376 | Slime:5  | Got a slimy rune of Zot
104813 | Crypt:1  | Entered Level 1 of the Crypt
104990 | Vaults:2 | Received a gift from Okawaru
105536 | Crypt:1  | Noticed Khufu
105536 | Crypt:1  | Noticed a greater mummy
105536 | Crypt:1  | Noticed a greater mummy
105545 | Crypt:1  | Killed a greater mummy
105556 | Crypt:1  | Killed Khufu
105575 | Crypt:1  | Killed a greater mummy
105644 | Crypt:1  | Reached XP level 25. HP: 225/235 MP: 29/30
105737 | Crypt:1  | Noticed Margery
105770 | Crypt:1  | Killed Margery
105926 | Crypt:1  | Noticed Aizul
105946 | Crypt:1  | Killed Aizul
105968 | Crypt:1  | Reached skill level 10 in Invocations
105972 | Crypt:1  | Noticed Sojobo
106471 | Crypt:1  | Killed Sojobo
106838 | Crypt:1  | Received a gift from Okawaru
107807 | Crypt:3  | Entered Level 3 of the Crypt
108119 | Crypt:3  | Found a staircase to the Tomb.
108169 | Crypt:3  | Received a gift from Okawaru
108169 | Crypt:3  | Reached skill level 15 in Armour
108172 | Crypt:3  | Got a polished centaur barding {god gift}
108194 | Crypt:2  | Identified the -3 centaur barding of Polish {rElec} (Okawaru gifted it to you on level 3 of the Crypt)
109187 | Crypt:3  | Found a basalt altar of Yredelemnul.
109540 | Crypt:3  | Noticed an ancient lich
109549 | Crypt:3  | Killed an ancient lich
109549 | Crypt:3  | Received a gift from Okawaru
109616 | Crypt:3  | Got a crystal mace
109618 | Crypt:3  | Identified the +4 mace of the Iron City of Dis {speed, rElec MR+ Str-3} (You found it on level 3 of the Crypt)
109833 | Crypt:3  | Reached XP level 26. HP: 244/244 MP: 30/30
110450 | Zot:1    | Entered Level 1 of the Realm of Zot
110515 | Zot:1    | Received a gift from Okawaru
110904 | Zot:1    | Received a gift from Okawaru
111456 | Zot:1    | Received a gift from Okawaru
113363 | Zot:2    | Received a gift from Okawaru
113767 | Zot:2    | Noticed an orb of fire
113778 | Zot:2    | Killed an orb of fire
113927 | Zot:2    | Got a polished chain mail
113930 | Zot:2    | Identified the cursed +1 chain mail "Rabaocarch" {MR+ Int+2 SInv} (You found it on level 2 of the Realm of Zot)
114599 | Zot:3    | Reached skill level 10 in Dodging
114681 | Zot:3    | Reached skill level 23 in Fighting
115008 | Zot:3    | Received a gift from Okawaru
115008 | Zot:3    | Reached XP level 27. HP: 259/259 MP: 29/30
115863 | Zot:4    | Received a gift from Okawaru
115863 | Zot:4    | Reached skill level 24 in Fighting
115866 | Zot:4    | Got a pitted shield {god gift}
116606 | Zot:5    | Entered Level 5 of the Realm of Zot
117029 | Zot:5    | Noticed an ancient lich
117039 | Zot:5    | Killed an ancient lich
117387 | Zot:5    | Reached skill level 25 in Fighting
117661 | Zot:5    | Noticed an ancient lich
118260 | Zot:5    | Killed an ancient lich
118504 | Zot:5    | Noticed an orb of fire
118519 | Zot:5    | Killed an orb of fire
118541 | Zot:5    | Received a gift from Okawaru
118555 | Zot:5    | Reached skill level 26 in Fighting
118934 | Zot:5    | Noticed an orb of fire
118957 | Zot:5    | Killed an orb of fire
118967 | Zot:5    | Identified the +3 shield "Qoeph" {rF++} (Okawaru gifted it to you on level 4 of the Realm of Zot)
119029 | Zot:5    | Noticed an ancient lich
119032 | Zot:5    | Killed an ancient lich
119032 | Zot:5    | Received a gift from Okawaru
119073 | Zot:5    | Noticed an orb of fire
119082 | Zot:5    | Gained mutation: Your spells are a little easier to cast, but a little less powerful. [an orb of fire]
119084 | Zot:5    | Killed an orb of fire
119641 | Zot:5    | Noticed an orb of fire
119659 | Zot:5    | Killed an orb of fire
120383 | Zot:5    | Noticed an orb of fire
120396 | Zot:5    | Noticed an orb of fire
120404 | Zot:5    | Killed an orb of fire
120412 | Zot:5    | Killed an orb of fire
120574 | Zot:5    | Received a gift from Okawaru
120585 | Zot:5    | Noticed an orb of fire
120598 | Zot:5    | Killed an orb of fire
120598 | Zot:5    | Reached skill level 27 in Fighting
120806 | Zot:5    | Received a gift from Okawaru
120817 | Zot:5    | Noticed an orb of fire
120827 | Zot:5    | Killed an orb of fire
120926 | Zot:5    | Received a gift from Okawaru
121175 | Zot:5    | Received a gift from Okawaru
121300 | Zot:5    | Received a gift from Okawaru
121466 | Zot:5    | Noticed an orb of fire
121474 | Zot:5    | Killed an orb of fire
122095 | Zot:5    | Identified the amulet of the Devil {rN+ Regen+ MP+9} (You acquired it on level 5 of the Realm of Zot)
122104 | Zot:5    | Got the Orb of Zot
122216 | Depths:5 | Noticed Foung the pandemonium lord
122293 | Depths:4 | Noticed Ener the pandemonium lord
122448 | D:13     | Received a gift from Okawaru
122669 | D:$      | Escaped with the Orb!

Skill      XL: |  1  2  3  4  5  6  7  8  9 10 11 12 13 14 15 16 17 18 19 20 21 22 23 24 25 26 27 |
---------------+----------------------------------------------------------------------------------+-----
Conjurations   | 1 |  1.0
Fighting       | 1 3 4 5 7 8 9 10 11 12 13 15 16 17 18 19 21 22 23 27 | 27.0
Summonings     | 2 3 |  3.0
Evocations     | 1 2 3 4 5 |  5.0
Translocations | 1 2 |  2.2
Shields        | 3 5 7 9 10 11 12 13 14 15 | 15.0
Invocations    | 3 4 5 6 7 8 9 10 | 10.0
Unarmed Combat | 1 9 12 16 17 18 19 20 21 22 | 22.0
Long Blades    | 1 2 |  2.0
Armour         | 3 4 6 7 8 9 10 11 12 15 16 | 16.8
Air Magic      | 1 |  1.1
Poison Magic   | 2 |  2.2
Throwing       | 5 9 12 13 14 16 19 20 21 | 21.1
Dodging        | 3 5 6 7 10 | 10.0
Stealth        | |  1.1
Spellcasting   | |  2.4

Action                   |  1- 3 |  4- 6 |  7- 9 | 10-12 | 13-15 | 16-18 | 19-21 | 22-24 | 25-27 || total
-------------------------+-------+-------+-------+-------+-------+-------+-------+-------+-------++-------
Melee: Unarmed           |    65 |     3 |       |    25 |  1567 |  2202 |  1901 |  1622 |  1683 ||  9068
       Kick              |    14 |    22 |    71 |   309 |   539 |   611 |   558 |   668 |   773 ||  3565
       Dagger            |       |   155 |   115 |       |       |       |       |       |       ||   270
       Hunting sling     |       |       |     1 |       |       |       |       |       |       ||     1
       Scimitar          |       |       |   268 |   896 |    94 |       |       |       |       ||  1258
       Trident           |       |       |       |       |    23 |       |       |       |       ||    23
       Short sword       |       |       |       |       |       |       |       |       |     4 ||     4
 Fire: Hunting sling     |       |    50 |   170 |       |       |       |       |       |       ||   220
       Blowgun           |       |       |       |       |       |       |     1 |       |       ||     1
Throw: Stone             |       |     5 |       |       |       |       |       |       |       ||     5
       Tomahawk          |       |       |       |    33 |    65 |   249 |   392 |    64 |    18 ||   821
       Javelin           |       |       |       |       |     3 |    54 |   147 |   387 |   617 ||  1208
       Throwing net      |       |       |       |       |       |       |     4 |     1 |       ||     5
 Cast: Magic Dart        |    57 |   128 |    90 |    16 |       |       |       |       |       ||   291
       Call Imp          |     1 |    42 |   116 |    79 |     1 |     1 |       |       |       ||   240
       Poisonous Vapours |       |       |       |    63 |   111 |       |       |       |       ||   174
Invok: Heroism           |       |       |     2 |    21 |    32 |    47 |    39 |    41 |    52 ||   234
       Finesse           |       |       |       |     2 |     7 |    10 |     8 |    11 |    17 ||    55
Evoke: Wand              |       |       |       |    23 |       |     3 |     5 |     3 |     7 ||    41
       Lamp of fire      |       |       |       |     1 |       |     1 |       |     1 |       ||     3
       Phial of floods   |       |       |       |       |       |       |       |     1 |       ||     1
  Use: Scroll            |     3 |     3 |     4 |    11 |    17 |    20 |    14 |    14 |    11 ||    97
       Potion            |       |       |     7 |     5 |     2 |       |     2 |     4 |     7 ||    27
 Stab: Distracted        |       |       |       |     4 |     1 |       |       |     1 |       ||     6
       Sleeping          |       |       |       |     1 |       |       |       |       |       ||     1
       Invisible         |       |       |       |       |     7 |       |       |       |       ||     7
       Confused          |       |       |       |       |     2 |       |       |       |       ||     2
  Eat: Chunk             |     4 |     9 |    18 |    27 |    41 |    38 |    29 |    22 |    18 ||   206
       Ration            |       |     2 |     8 |     9 |     8 |     5 |     5 |     7 |    10 ||    54
Armor: Robe              |     7 |    70 |   152 |     6 |       |       |       |       |       ||   235
       Skin              |       |       |   142 |    67 |       |       |       |    13 |     3 ||   225
       Steam dragon scal |       |       |       |   287 |   193 |       |       |       |       ||   480
       Ring mail         |       |       |       |       |   131 |       |       |       |       ||   131
       Swamp dragon scal |       |       |       |       |   420 |     9 |       |       |       ||   429
       Plate armour      |       |       |       |       |    25 |   139 |   311 |       |       ||   475
       Scale mail        |       |       |       |       |       |   823 |       |       |       ||   823
       Chain mail        |       |       |       |       |       |       |    22 |   276 |   265 ||   563
Dodge: Dodged            |    18 |    78 |   185 |   291 |   400 |   247 |    43 |    93 |   129 ||  1484
Block: Shield            |       |       |   204 |   497 |   780 |   615 |       |       |       ||  2096
       Large shield      |       |       |       |       |       |   811 |  1231 |  1321 |  1352 ||  4715
       Reflection        |       |       |       |       |       |       |       |    12 |    19 ||    31
       Rpst.: Scimitar   |       |       |    31 |    84 |    11 |       |       |       |       ||   126
